AoeStats
← iHateArabia

Enclosed

506635809Analyzed
1v1 RM · 18d ago on Sep 14, 2026· 63m 23s· 2 players
Game mode
Random Map
Map size
Tiny (2 player)
Population
200
Speed
Normal
Resources
Standard
Victory
Conquest
Starting age
Dark Age
Ending age
Imperial Age
RankedLock teamsTeams togetherTeam positionsShared explorationLock speedFull tech treeHidden civsTurbo modeCheats
Victory
Defeat
🇳🇱 Sicilians · Netherlands
848
+16
🇷🇺 Byzantines · Russia
844
-16
Dervish00
9:01 Loom
12:43 Feudal Age
19:32 Fletching
24:21 Castle Age
27:29 Double-Bit Axe
30:23 Horse Collar
37:57 Bodkin Arrow
43:06 Imperial Age
41:30 Murder Holes
41:57 Ballistics
41:43 Elite Skirmisher
41:58 Pikeman
43:20 Padded Archer Armor
47:15 Wheelbarrow
50:37 Bow Saw
49:55 Halberdier
52:17 Heavy Plow
53:05 Guilds
52:55 Crossbowman
58:09 Arbalester
59:15 Hand Cart
60:18 Squires
60:49 Bracer
iHateArabia
11:27 Feudal Age
11:39 Loom
17:46 Double-Bit Axe
28:11 Stone Mining
28:06 Horse Collar
29:20 Wheelbarrow
33:19 Castle Age
35:08 Hand Cart
34:47 Gold Mining
35:00 Heavy Plow
35:13 Bow Saw
35:31 Gambesons
36:20 Man-at-Arms
41:07 Gold Shaft Mining
41:27 Pikeman
49:45 Imperial Age
47:26 Elite Skirmisher
48:44 Husbandry
48:57 Bloodlines
49:49 Cavalier
51:59 Scale Barding Armor
53:05 Chain Barding Armor
52:56 Forging
57:39 Iron Casting
57:49 Plate Barding Armor
59:27 Blast Furnace
Connection lost

Rejoining the realm…

Still unreachable

The connection could not be restored.

Session expired

The server has moved on; the page needs a fresh start.